2864 views
Uploaded 2020-02-23 21:01:53
Game version 1.32 / 1.32.1
14:40 long 4on4 ladder game on (8)Sanctuary_LV
Saved by ChuckleMan
2864 views
Uploaded 2020-02-23 21:01:53
Game version 1.32 / 1.32.1
14:40 long 4on4 ladder game on (8)Sanctuary_LV


87 units @ 11.5k
/ 1.2k
53 buildings @ 8.3k
/ 2.8k

| Peasant | 15 | 1125 | / | 0 |
| Footman | 6 | 810 | / | 0 |
| Rifleman | 3 | 615 | / | 90 |
| Sorceress | 4 | 620 | / | 80 |
| Priest | 1 | 135 | / | 10 |
| total: | 29 | 3305g | / | 180w |
| Farm | 8 | 640 | / | 160 |
| Altar of Kings | 1 | 180 | / | 50 |
| Barracks | 2 | 320 | / | 120 |
| Lumber Mill | 4 | 480 | / | 0 |
| Blacksmith | 1 | 140 | / | 60 |
| Town Hall | 1 | 385 | / | 205 |
| Arcane Sanctum | 2 | 300 | / | 280 |
| Keep | 1 | 320 | / | 210 |
| Castle | 1 | 360 | / | 210 |
| total: | 19 | 2445g | / | 875w |
| 0:09 | Peasant |
| 0:09 | Peasant |
| 0:09 | Peasant |
| 0:34 | Farm |
| 0:41 | Altar of Kings |
| 1:10 | Peasant |
| 1:10 | Peasant |
| 1:10 | Peasant |
| 1:15 | Farm |
| 1:27 | Barracks |
| 1:29 | Peasant |
| 2:11 | Farm |
| 2:14 | Peasant |
| 2:24 | Lumber Mill |
| 2:30 | Lumber Mill |
| 2:32 | Footman |
| 2:32 | Footman |
| 2:49 | Barracks |
| 2:55 | Footman |
| 3:00 | Improved Masonry |
| 3:18 | Footman |
| 3:24 | Farm |
| 3:26 | Farm |
| 3:32 | Summon Water Elemental |
| 4:05 | Footman |
| 4:11 | Blacksmith |
| 4:39 | Farm |
| 4:45 | Footman |
| 5:04 | Keep |
| 5:19 | Iron Forged Swords |
| 6:12 | Iron Plating |
| 6:14 | Brilliance Aura |
| 6:37 | Rifleman |
| 7:06 | Rifleman |
| 7:29 | Town Hall |
| 7:36 | Black Gunpowder |
| 7:54 | Improved Lumber Harvesting |
| 8:36 | Summon Water Elemental |
| 8:50 | Refined Gunpowder |
| 8:54 | Peasant |
| 8:54 | Peasant |
| 8:55 | Peasant |
| 9:06 | Farm |
| 9:16 | Arcane Sanctum |
| 9:52 | Rifleman |
| 10:01 | Peasant |
| 10:01 | Peasant |
| 10:08 | Lumber Mill |
| 10:30 | Lumber Mill |
| 10:49 | Sorceress |
| 11:02 | Arcane Sanctum |
| 11:04 | Farm |
| 11:24 | Sorceress |
| 11:41 | Long Rifles |
| 11:51 | Peasant |
| 11:52 | Peasant |
| 12:46 | Sorceress |
| 13:49 | Castle |
| 13:59 | Sorceress Adept Training |
| 14:01 | Sorceress |
| 14:03 | Priest |
| Right click | 164 |
| Select | 150 |
| Build/train/purchase | 54 |
| Assign group | 17 |
| Select group | 14 |
| Misc. action | 11 |
| Chat | 6 |
| Esc | 2 |
| Use ability | 1 |
| Remove unit | 1 |

| Rod of Necromancy | 2 | 300 |
| total: | 2 | 300g |
| Acolyte | 7 | 525 | / | 0 |
| Ghoul | 5 | 600 | / | 0 |
| Crypt Fiend | 6 | 1290 | / | 240 |
| Necromancer | 9 | 1305 | / | 180 |
| Goblin Shredder | 1 | 375 | / | 100 |
| total: | 28 | 4095g | / | 520w |
| Nerubian Tower | 2 | 200 | / | 40 |
| Spirit Tower | 1 | 145 | / | 40 |
| Altar of Darkness | 1 | 180 | / | 50 |
| Ziggurat | 5 | 750 | / | 250 |
| Crypt | 1 | 200 | / | 50 |
| Tomb of Relics | 1 | 130 | / | 30 |
| Graveyard | 1 | 215 | / | 0 |
| Necropolis | 1 | 225 | / | 0 |
| Temple of the Damned | 2 | 310 | / | 280 |
| Halls of the Dead | 1 | 320 | / | 210 |
| Black Citadel | 1 | 325 | / | 230 |
| total: | 12 | 2010g | / | 660w |
| 0:06 | Altar of Darkness |
| 0:10 | Ziggurat |
| 0:14 | Crypt |
| 0:26 | Acolyte |
| 0:39 | Acolyte |
| 1:01 | Tomb of Relics |
| 1:15 | Ghoul |
| 1:25 | Ghoul |
| 1:31 | Nerubian Tower |
| 1:47 | Ziggurat |
| 1:55 | Cannibalize |
| 2:14 | Death Coil |
| 2:16 | Rod of Necromancy |
| 2:25 | Ghoul |
| 2:40 | Ghoul |
| 3:05 | Ziggurat |
| 3:09 | Graveyard |
| 3:23 | Ghoul |
| 4:00 | Unholy Aura |
| 4:10 | Halls of the Dead |
| 4:34 | Crypt Fiend |
| 4:36 | Crypt Fiend |
| 5:21 | Crypt Fiend |
| 5:26 | Spirit Tower |
| 5:27 | Nerubian Tower |
| 5:33 | Rod of Necromancy |
| 5:55 | Crypt Fiend |
| 6:39 | Goblin Shredder |
| 6:52 | Death Coil |
| 8:03 | Crypt Fiend |
| 8:06 | Web |
| 8:06 | Burrow |
| 8:10 | Temple of the Damned |
| 8:14 | Temple of the Damned |
| 9:05 | Unholy Aura |
| 9:27 | Necromancer |
| 9:27 | Necromancer |
| 9:30 | Necromancer |
| 9:31 | Necromancer |
| 9:32 | Skeletal Mastery |
| 9:35 | Necromancer Adept Training |
| 9:36 | Acolyte |
| 10:02 | Ziggurat |
| 10:05 | Ziggurat |
| 11:30 | Death Coil |
| 11:47 | Animate Dead |
| 12:04 | Necropolis |
| 12:06 | Necromancer |
| 12:08 | Necromancer |
| 12:09 | Necromancer |
| 12:11 | Crypt Fiend |
| 14:13 | Necromancer |
| 14:13 | Necromancer |
| 14:15 | Black Citadel |
| 14:18 | Acolyte |
| 14:18 | Acolyte |
| 14:18 | Acolyte |
| 14:19 | Acolyte |
| Select | 294 |
| Right click | 264 |
| Build/train/purchase | 68 |
| Use ability | 49 |
| Select group | 27 |
| Assign group | 8 |
| Misc. action | 8 |
| Item give/drop | 1 |

| Healing Salve | 2 | 200 |
| Scroll of Speed | 1 | 50 |
| total: | 3 | 250g |
| Peon | 10 | 750 | / | 0 |
| Goblin Shredder | 1 | 375 | / | 100 |
| Acolyte | 2 | 150 | / | 0 |
| Ghoul | 2 | 240 | / | 0 |
| Gargoyle | 15 | 2625 | / | 450 |
| total: | 30 | 4140g | / | 550w |
| Altar of Storms | 1 | 180 | / | 50 |
| Orc Burrow | 1 | 160 | / | 40 |
| Voodoo Lounge | 1 | 130 | / | 30 |
| Great Hall | 1 | 385 | / | 185 |
| War Mill | 1 | 205 | / | 0 |
| Stronghold | 1 | 315 | / | 190 |
| Fortress | 2 | 650 | / | 380 |
| Crypt | 4 | 800 | / | 200 |
| Ziggurat | 6 | 900 | / | 300 |
| Necropolis | 1 | 225 | / | 0 |
| Graveyard | 1 | 215 | / | 0 |
| Altar of Darkness | 1 | 180 | / | 50 |
| Tomb of Relics | 2 | 260 | / | 60 |
| Sacrificial Pit | 1 | 75 | / | 150 |
| Boneyard | 1 | 175 | / | 200 |
| Halls of the Dead | 2 | 640 | / | 420 |
| Black Citadel | 1 | 325 | / | 230 |
| total: | 22 | 3890g | / | 1265w |
| 0:04 | Peon |
| 0:04 | Peon |
| 0:10 | Acolyte |
| 0:10 | Acolyte |
| 0:16 | Altar of Storms |
| 0:18 | Orc Burrow |
| 0:22 | Crypt |
| 0:24 | Ziggurat |
| 0:32 | Peon |
| 0:40 | Necropolis |
| 0:55 | Peon |
| 1:04 | Peon |
| 1:13 | Peon |
| 1:21 | Halls of the Dead |
| 1:29 | Ghoul |
| 1:35 | Graveyard |
| 1:50 | Ghoul |
| 2:12 | Crypt |
| 2:14 | Crypt |
| 2:15 | Crypt |
| 2:21 | Ziggurat |
| 2:22 | Ziggurat |
| 2:39 | Altar of Darkness |
| 2:42 | Endurance Aura |
| 3:32 | Voodoo Lounge |
| 3:43 | Gargoyle |
| 3:52 | Creature Attack |
| 3:54 | Black Citadel |
| 4:02 | Tomb of Relics |
| 4:03 | Tomb of Relics |
| 4:08 | Ziggurat |
| 4:09 | Ziggurat |
| 4:19 | Gargoyle |
| 4:26 | Gargoyle |
| 4:29 | Creature Carapace |
| 4:38 | Death Coil |
| 4:51 | Gargoyle |
| 5:08 | Gargoyle |
| 5:16 | Improved Creature Attack |
| 5:44 | Gargoyle |
| 6:03 | Sacrificial Pit |
| 6:04 | Ziggurat |
| 6:16 | Healing Salve |
| 6:16 | Healing Salve |
| 6:16 | Scroll of Speed |
| 6:19 | Unholy Aura |
| 6:47 | Goblin Shredder |
| 6:53 | Gargoyle |
| 6:56 | Improved Creature Carapace |
| 7:01 | War Stomp |
| 7:24 | Gargoyle |
| 7:27 | Death Coil |
| 8:06 | Gargoyle |
| 8:10 | Great Hall |
| 8:16 | Endurance Aura |
| 8:40 | Gargoyle |
| 9:13 | Gargoyle |
| 9:35 | Unholy Aura |
| 10:07 | War Stomp |
| 10:27 | Gargoyle |
| 11:12 | Stronghold |
| 11:16 | Endurance Aura |
| 11:32 | Gargoyle |
| 11:32 | Gargoyle |
| 11:57 | Reincarnation |
| 12:04 | Gargoyle |
| 12:06 | Peon |
| 12:06 | Peon |
| 12:06 | Peon |
| 12:06 | Peon |
| 12:26 | Advanced Creature Attack |
| 12:26 | Advanced Creature Carapace |
| 13:03 | Unholy Aura |
| 13:33 | Fortress |
| 13:34 | War Mill |
| 14:05 | War Stomp |
| 14:15 | Boneyard |
| 14:29 | Death Coil |
| Right click | 653 |
| Select group | 466 |
| Select | 200 |
| Build/train/purchase | 79 |
| Resource trade | 60 |
| Misc. action | 50 |
| Assign group | 36 |
| Chat | 32 |
| Use ability | 13 |
| Item give/drop | 5 |
| Esc | 1 |
156 units @ 19.8k
/ 1.6k
64 buildings @ 9.3k
/ 3.9k

| Peasant | 11 | 825 | / | 0 |
| Footman | 27 | 3645 | / | 0 |
| Rifleman | 6 | 1230 | / | 180 |
| Priest | 2 | 270 | / | 20 |
| Sorceress | 1 | 155 | / | 20 |
| Spell Breaker | 3 | 645 | / | 90 |
| total: | 50 | 6770g | / | 310w |
| Scout Tower | 6 | 180 | / | 120 |
| Guard Tower | 4 | 280 | / | 200 |
| Barracks | 1 | 160 | / | 60 |
| Altar of Kings | 1 | 180 | / | 50 |
| Farm | 8 | 640 | / | 160 |
| Lumber Mill | 1 | 120 | / | 0 |
| Arcane Vault | 1 | 130 | / | 30 |
| Blacksmith | 1 | 140 | / | 60 |
| Arcane Sanctum | 1 | 150 | / | 140 |
| Gryphon Aviary | 1 | 140 | / | 150 |
| Keep | 1 | 320 | / | 210 |
| total: | 21 | 1840g | / | 770w |
| 0:03 | Peasant |
| 0:03 | Peasant |
| 0:04 | Peasant |
| 0:04 | Peasant |
| 0:24 | Barracks |
| 0:43 | Altar of Kings |
| 1:09 | Farm |
| 1:29 | Footman |
| 1:30 | Footman |
| 1:30 | Footman |
| 1:30 | Footman |
| 1:30 | Footman |
| 1:30 | Footman |
| 2:06 | Lumber Mill |
| 2:15 | Farm |
| 2:22 | Footman |
| 2:22 | Footman |
| 2:22 | Footman |
| 2:23 | Footman |
| 2:58 | Footman |
| 2:58 | Footman |
| 2:58 | Footman |
| 3:06 | Farm |
| 3:39 | Farm |
| 4:05 | Improved Masonry |
| 4:21 | Farm |
| 4:37 | Peasant |
| 4:37 | Peasant |
| 4:58 | Peasant |
| 4:58 | Peasant |
| 5:29 | Farm |
| 5:40 | Scout Tower |
| 5:50 | Footman |
| 5:50 | Footman |
| 5:51 | Footman |
| 5:51 | Footman |
| 5:51 | Footman |
| 6:22 | Flame Strike |
| 7:14 | Farm |
| 7:19 | Scout Tower |
| 7:27 | Keep |
| 7:52 | Banish |
| 8:08 | Farm |
| 8:18 | Scout Tower |
| 9:30 | Footman |
| 9:31 | Footman |
| 9:31 | Footman |
| 9:31 | Footman |
| 9:31 | Footman |
| 9:53 | Arcane Vault |
| 10:17 | Arcane Sanctum |
| 10:35 | Blacksmith |
| 11:45 | Footman |
| 11:45 | Footman |
| 11:45 | Footman |
| 11:49 | Rifleman |
| 11:49 | Rifleman |
| 11:49 | Rifleman |
| 11:49 | Rifleman |
| 11:55 | Priest |
| 11:55 | Sorceress |
| 11:56 | Priest |
| 12:06 | Gryphon Aviary |
| 12:23 | Spell Breaker |
| 12:31 | Guard Tower |
| 12:32 | Guard Tower |
| 12:34 | Guard Tower |
| 12:40 | Scout Tower |
| 12:54 | Peasant |
| 12:55 | Peasant |
| 12:55 | Peasant |
| 13:14 | Spell Breaker |
| 13:14 | Spell Breaker |
| 13:24 | Guard Tower |
| 13:28 | Scout Tower |
| 14:21 | Rifleman |
| 14:21 | Rifleman |
| 14:22 | Footman |
| 14:30 | Scout Tower |
| Right click | 593 |
| Select | 134 |
| Build/train/purchase | 59 |
| Use ability | 7 |

| Wisp | 16 | 960 | / | 0 |
| Archer | 14 | 1820 | / | 140 |
| Huntress | 5 | 975 | / | 100 |
| total: | 35 | 3755g | / | 240w |
| Altar of Elders | 1 | 180 | / | 50 |
| Moon Well | 6 | 1080 | / | 240 |
| Ancient of War | 1 | 150 | / | 60 |
| Hunter's Hall | 1 | 210 | / | 100 |
| Ancient of Wonders | 1 | 90 | / | 30 |
| Tree of Life | 1 | 340 | / | 185 |
| Ancient of Lore | 1 | 155 | / | 145 |
| Ancient of Wind | 1 | 150 | / | 140 |
| Tree of Ages | 1 | 320 | / | 180 |
| Tree of Eternity | 1 | 330 | / | 200 |
| total: | 13 | 2355g | / | 950w |
| 0:03 | Wisp |
| 0:03 | Wisp |
| 0:04 | Wisp |
| 0:27 | Altar of Elders |
| 0:34 | Moon Well |
| 0:36 | Wisp |
| 0:57 | Wisp |
| 1:04 | Ancient of War |
| 1:14 | Wisp |
| 1:33 | Moon Well |
| 1:47 | Wisp |
| 1:48 | Wisp |
| 1:48 | Wisp |
| 2:04 | Moon Well |
| 2:07 | Archer |
| 2:18 | Moon Well |
| 2:21 | Archer |
| 2:33 | Archer |
| 2:38 | Immolation |
| 3:00 | Archer |
| 3:00 | Archer |
| 3:23 | Moon Well |
| 4:08 | Evasion |
| 4:16 | Hunter's Hall |
| 4:19 | Tree of Ages |
| 4:22 | Archer |
| 5:20 | Ancient of Wonders |
| 5:22 | Huntress |
| 5:22 | Huntress |
| 5:22 | Huntress |
| 5:45 | Evasion |
| 6:02 | Huntress |
| 6:02 | Huntress |
| 6:42 | Tree of Life |
| 6:47 | Tree of Eternity |
| 7:02 | Moon Well |
| 8:23 | Immolation |
| 8:37 | Ancient of Lore |
| 9:55 | Archer |
| 9:56 | Archer |
| 9:56 | Archer |
| 9:56 | Archer |
| 9:56 | Archer |
| 9:56 | Archer |
| 9:56 | Archer |
| 9:56 | Archer |
| 11:57 | Ancient of Wind |
| 12:00 | Wisp |
| 12:00 | Wisp |
| 12:01 | Wisp |
| 12:01 | Wisp |
| 12:01 | Wisp |
| 12:30 | Wisp |
| 12:31 | Wisp |
| Right click | 424 |
| Select | 153 |
| Build/train/purchase | 52 |
| Use ability | 3 |
| Item give/drop | 2 |
| Remove unit | 1 |
| Minimap ping | 1 |


| Rod of Necromancy | 2 | 300 |
| Potion of Healing | 2 | 300 |
| Orb of Corruption | 1 | 375 |
| Potion of Mana | 1 | 200 |
| Scroll of Town Portal | 1 | 350 |
| total: | 7 | 1525g |
| Acolyte | 8 | 600 | / | 0 |
| Ghoul | 7 | 840 | / | 0 |
| Crypt Fiend | 12 | 2580 | / | 480 |
| Frost Wyrm | 2 | 770 | / | 240 |
| total: | 29 | 4790g | / | 720w |
| Spirit Tower | 4 | 580 | / | 160 |
| Crypt | 2 | 400 | / | 100 |
| Graveyard | 1 | 215 | / | 0 |
| Altar of Darkness | 1 | 180 | / | 50 |
| Ziggurat | 5 | 750 | / | 250 |
| Tomb of Relics | 2 | 260 | / | 60 |
| Necropolis | 1 | 225 | / | 0 |
| Sacrificial Pit | 1 | 75 | / | 150 |
| Boneyard | 2 | 350 | / | 400 |
| Halls of the Dead | 1 | 320 | / | 210 |
| Black Citadel | 1 | 325 | / | 230 |
| total: | 15 | 2455g | / | 1010w |
| 0:10 | Acolyte |
| 0:10 | Acolyte |
| 0:18 | Crypt |
| 0:21 | Crypt |
| 0:25 | Graveyard |
| 0:30 | Acolyte |
| 0:54 | Altar of Darkness |
| 1:07 | Ziggurat |
| 1:27 | Ghoul |
| 1:59 | Crypt Fiend |
| 2:02 | Tomb of Relics |
| 2:18 | Ziggurat |
| 2:34 | Crypt Fiend |
| 2:56 | Death Coil |
| 3:01 | Crypt Fiend |
| 3:11 | Rod of Necromancy |
| 3:19 | Acolyte |
| 3:24 | Acolyte |
| 3:39 | Acolyte |
| 3:47 | Ghoul |
| 4:02 | Acolyte |
| 4:17 | Acolyte |
| 4:37 | Ziggurat |
| 5:19 | Unholy Aura |
| 5:33 | Halls of the Dead |
| 5:44 | Ghoul |
| 5:44 | Ghoul |
| 5:50 | Crypt Fiend |
| 5:53 | Creature Attack |
| 6:10 | Necropolis |
| 6:49 | Ghoul |
| 6:49 | Ghoul |
| 6:51 | Creature Carapace |
| 6:57 | Ziggurat |
| 7:00 | Ziggurat |
| 8:03 | Black Citadel |
| 8:15 | Rod of Necromancy |
| 8:17 | Crypt Fiend |
| 8:21 | Burrow |
| 8:33 | Sacrificial Pit |
| 8:43 | Spirit Tower |
| 8:47 | Web |
| 9:09 | Crypt Fiend |
| 9:20 | Scroll of Town Portal |
| 9:22 | Potion of Healing |
| 9:51 | Frost Nova |
| 10:01 | Spirit Tower |
| 10:02 | Spirit Tower |
| 10:14 | Ghoul |
| 10:17 | Improved Creature Attack |
| 10:18 | Improved Creature Carapace |
| 10:26 | Orb of Corruption |
| 10:27 | Potion of Mana |
| 10:27 | Potion of Healing |
| 11:02 | Crypt Fiend |
| 11:07 | Boneyard |
| 11:34 | Tomb of Relics |
| 11:35 | Boneyard |
| 11:49 | Death Coil |
| 12:11 | Crypt Fiend |
| 12:12 | Crypt Fiend |
| 12:39 | Frost Wyrm |
| 12:41 | Crypt Fiend |
| 12:41 | Crypt Fiend |
| 12:43 | Advanced Creature Attack |
| 12:51 | Spirit Tower |
| 13:33 | Frost Wyrm |
| 13:37 | Crypt Fiend |
| Right click | 480 |
| Select group | 392 |
| Select | 243 |
| Build/train/purchase | 81 |
| Assign group | 75 |
| Misc. action | 39 |
| Use ability | 19 |
| Esc | 11 |
| Minimap ping | 3 |


| Moonstone | 1 | 50 |
| Scroll of Town Portal | 3 | 1050 |
| total: | 4 | 1100g |
| Wisp | 17 | 1020 | / | 0 |
| Archer | 18 | 2340 | / | 180 |
| Hippogryph | 7 | 1120 | / | 140 |
| total: | 42 | 4480g | / | 320w |
| Moon Well | 7 | 1260 | / | 280 |
| Altar of Elders | 1 | 180 | / | 50 |
| Ancient of War | 1 | 150 | / | 60 |
| Ancient of Wonders | 1 | 90 | / | 30 |
| Hunter's Hall | 1 | 210 | / | 100 |
| Tree of Life | 1 | 340 | / | 185 |
| Ancient of Wind | 3 | 450 | / | 420 |
| Tree of Ages | 1 | 320 | / | 180 |
| total: | 15 | 2680g | / | 1125w |
| 0:04 | Wisp |
| 0:04 | Wisp |
| 0:04 | Wisp |
| 0:21 | Moon Well |
| 0:24 | Wisp |
| 0:24 | Wisp |
| 0:36 | Altar of Elders |
| 0:44 | Wisp |
| 0:45 | Wisp |
| 0:48 | Ancient of War |
| 1:00 | Wisp |
| 1:39 | Moon Well |
| 1:50 | Archer |
| 1:54 | Ancient of Wonders |
| 1:59 | Wisp |
| 1:59 | Wisp |
| 1:59 | Wisp |
| 2:30 | Archer |
| 2:33 | Hunter's Hall |
| 2:48 | Archer |
| 2:49 | Wisp |
| 2:58 | Fan of Knives |
| 2:58 | Fan of Knives |
| 3:02 | Archer |
| 3:14 | Moon Well |
| 3:40 | Strength of the Moon |
| 4:31 | Tree of Life |
| 4:35 | Archer |
| 4:57 | Tree of Ages |
| 4:59 | Archer |
| 5:50 | Fan of Knives |
| 5:50 | Blink |
| 6:01 | Moon Armor |
| 6:02 | Strength of the Wild |
| 6:04 | Archer |
| 6:04 | Archer |
| 6:23 | Archer |
| 7:02 | Wisp |
| 7:02 | Wisp |
| 7:02 | Wisp |
| 7:02 | Wisp |
| 7:03 | Wisp |
| 7:19 | Improved Bows |
| 7:21 | Improved Strength of the Moon |
| 8:01 | Moon Well |
| 8:02 | Moon Well |
| 8:07 | Ancient of Wind |
| 8:08 | Ancient of Wind |
| 8:13 | Ancient of Wind |
| 8:37 | Moonstone |
| 9:03 | Moon Well |
| 9:06 | Moon Well |
| 9:16 | Hippogryph |
| 9:25 | Hippogryph |
| 9:47 | Trueshot Aura |
| 9:54 | Hippogryph |
| 9:57 | Archer |
| 9:57 | Archer |
| 10:02 | Improved Strength of the Wild |
| 10:03 | Reinforced Hides |
| 10:44 | Hippogryph |
| 10:44 | Hippogryph |
| 11:45 | Archer |
| 11:45 | Archer |
| 11:47 | Hippogryph |
| 11:55 | Hippogryph |
| 12:30 | Archer |
| 12:30 | Archer |
| 12:30 | Archer |
| 12:31 | Archer |
| 12:31 | Archer |
| 12:42 | Scroll of Town Portal |
| 12:42 | Scroll of Town Portal |
| 12:42 | Scroll of Town Portal |
| 13:20 | Searing Arrows |
| Right click | 242 |
| Select | 132 |
| Build/train/purchase | 82 |
| Select group | 76 |
| Misc. action | 71 |
| Assign group | 10 |
| Use ability | 6 |
| Esc | 2 |
| Item give/drop | 1 |
โ